 Dungeon Crawl Stone Soup version 0.31.0-4-g52a2dc7128 (webtiles) character file.

Game seed: 14549688563643107061

422 sasquatch the Basher (level 6, -6/51 HPs)
             Began as a Minotaur Fighter on Jan 22, 2024.
             Mangled by a gnoll
             ... wielding a +0 flail
              (8 damage)
             ... on level 4 of the Dungeon.
             The game lasted 00:03:36 (2366 turns).

sasquatch the Basher (Minotaur Fighter)             Turns: 2366, Time: 00:03:36

Health: -6/51      AC:  6    Str: 23    XL:     6   Next: 63%
Magic:  5/5        EV:  9    Int: 11    God:
Gold:   240        SH:  5    Dex: 15    Spells: 5/5 levels left

rFire   . . .        a - +0 flail
rCold   . . .        c - +0 buckler
rNeg    . . .        b - +0 scale mail
rPois   .            (helmet restricted)
rElec   .            (no cloak)
rCorr   .            (no gloves)
SInv    .            (no boots)
Will    .....        (no amulet) Stlth
                     k - +6 ring of intelligence
HPRegen 0.28/turn    o - +6 ring of dexterity
MPRegen 0.09/turn

%: no passive effects
@: mighty, lethally poisoned (-6 -> -9)
A: horns 2, retaliatory headbutt
a: no special abilities


You were on level 4 of the Dungeon.
You visited 1 branch of the dungeon, and saw 4 of its levels.

You collected 240 gold pieces.

Inventory:

Hand Weapons
 a - a +0 flail (weapon)
Missiles
 t - a throwing net (quivered)
Armour
 b - a +0 scale mail (worn)
 c - a +0 buckler (worn)
Jewellery
 k - a +6 ring of intelligence (left hand)
 o - a +6 ring of dexterity (right hand)
 s - a +6 ring of dexterity
Wands
 p - a wand of polymorph (4)
 v - a wand of quicksilver (6)
Scrolls
 e - 2 scrolls of enchant armour {unknown}
 f - a scroll of butterflies {unknown}
 g - 4 scrolls of vulnerability {unknown}
 h - a scroll of amnesia {unknown}
 i - 4 scrolls of identify {unknown}
 j - 2 scrolls of immolation {unknown}
 r - a scroll of brand weapon {unknown}
Potions
 l - a potion of enlightenment {unknown}
 m - a potion of mutation {unknown}
 n - a potion of haste {unknown}
 q - 2 potions of brilliance {unknown}
 u - a potion of curing {unknown}


   Skills:
 - Level 3.6 Fighting
 * Level 8.7 Maces & Flails
 - Level 3.6 Armour
 - Level 3.6 Shields


You had 5 spell levels left.
You didn't know any spells.
Your spell library was empty.

Dungeon Overview and Level Annotations

Branches:
Dungeon (4/15)
 Temple: D:4-7

Altars:


Innate Abilities, Weirdness & Mutations

You have a pair of horns on your head.
You reflexively headbutt those who attack you in melee.


Message History

You feel sick. The adder bites you but does no damage.
You hit the adder.
The adder is moderately wounded.
You feel sick. The adder bites you.
You are more poisoned.
The adder poisons you!
You hit the adder. Your headbutt misses the adder.
The adder is severely wounded.
You feel sick. The adder bites you but does no damage.
The gnoll hits you with a +0 flail. The gnoll hits you with a +0 flail!
You closely miss the adder.
The adder is severely wounded.
You feel sick. The adder bites you but does no damage.
The gnoll barely misses you. The gnoll hits you but does no damage.
The adder bites you.
You are more poisoned.
The adder poisons you! The gnoll barely misses you.
The gnoll completely misses you.
You hit the adder.
The adder is almost dead.
You feel sick. The adder bites you but does no damage.
The gnoll hits you with a +0 flail. x2
You hit the adder.
You kill the adder!
You feel sick. The gnoll hits you with a +0 flail.
* * * LOW HITPOINT WARNING * * *
The gnoll barely misses you. You furiously retaliate!
You headbutt the gnoll!
Unknown command.
You feel very mighty all of a sudden.
You feel sick. The gnoll barely misses you. You furiously retaliate!
You headbutt the gnoll. The gnoll closely misses you.
You bludgeon the gnoll!!
You kill the gnoll!
You feel sick. The gnoll hits you with a +0 flail!
* * * LOW HITPOINT WARNING * * *
You barely miss the gnoll.
The gnoll is severely wounded.
* * * LOW HITPOINT WARNING * * *
You feel sick. The gnoll hits you with a +0 flail!
You die...

..#+#######
.........###
#............
#............
#............
#............
#..g)†......
#..)@.......
#......#####
#......#
#......#
#......#
#......#
#......###
#........#
#........#


You could see a gnoll.

Vanquished Creatures
  A warg (D:4)
  A hound (D:4)
  Jessica (D:2)
  2 iguanas
  6 gnolls
  4 adders
  2 dart slugs
  A ribbon worm (D:3)
  5 orcs (D:3)
  8 ball pythons
  7 bats
  6 endoplasms
  4 giant cockroaches
  11 goblins
  2 hobgoblins
  6 jackals
  6 kobolds
  A quokka (D:1)
  7 frilled lizards
  7 rats
88 creatures vanquished.

Notes
Turn   | Place    | Note
-------+----------+-------------------------------------------
     0 | D:1      | sasquatch the Minotaur Fighter began the quest for the Orb.
     0 | D:1      | Reached XP level 1. HP: 19/19 MP: 0/0
    58 | D:1      | Found a faded altar of an unknown god.
    80 | D:1      | Reached skill level 3 in Maces & Flails
    85 | D:1      | Reached XP level 2. HP: 26/26 MP: 1/1
   207 | D:1      | Reached skill level 4 in Maces & Flails
   416 | D:1      | Reached XP level 3. HP: 31/31 MP: 2/2
   804 | D:2      | Reached skill level 5 in Maces & Flails
   825 | D:2      | Noticed Jessica
   827 | D:2      | Killed Jessica
   828 | D:2      | Reached XP level 4. HP: 37/39 MP: 3/3
  1211 | D:3      | Reached skill level 6 in Maces & Flails
  1321 | D:3      | Reached XP level 5. HP: 45/45 MP: 4/4
  1768 | D:4      | Noticed an ogre
  1772 | D:4      | an ogre changed into a warg
  1772 | D:4      | Noticed a warg
  1780 | D:4      | Killed a warg
  1781 | D:4      | Reached skill level 7 in Maces & Flails
  1781 | D:4      | Reached XP level 6. HP: 26/51 MP: 5/5
  1895 | D:4      | Reached skill level 8 in Maces & Flails
  2365 | D:4      | HP: 2/51 [gnoll/+0 flail (7)]
  2366 | D:4      | Mangled by a gnoll

Illustrated notes

Levels and vault maps discovered:
D:1:      mushboom_english_gardens, layout_basic,
          nicolae_ecumenical_lake_church, serial_bayou_ford_a,
          dk_noncrumbling_3, grunt_decor_fettered
D:2:      layout_rooms, minmay_tetromino_s2, uniq_jessica
D:3:      layout_rooms, kennysheep_path_1
D:4:      layout_gridville

Skill      XL: |  1  2  3  4  5  6 |
---------------+-------------------+-----
Maces & Flails | 3 4 5 6 7 8 |  8.7
Fighting       | |  3.6
Armour         | |  3.6
Shields        | |  3.6

Action                     |  1- 3 |  4- 6 || total
---------------------------+-------+-------++-------
  Melee: Flail             |    71 |   118 ||   189
         Headbutt          |     9 |    18 ||    27
  Evoke: Wand              |       |     3 ||     3
    Use: Potion            |       |     1 ||     1
 Armour: Scale mail        |    54 |    80 ||   134
  Dodge: Dodged            |    39 |    58 ||    97
  Block: Buckler           |    27 |    36 ||    63
